cohdb
Replays
Latest Replays
All Replays
Popular Replays
Top Player Replays
Match Explorer
How It Works
Community
CoH3 Stats
Reddit
Sign in to upload your games and track your stats! →
Sign in with Steam
Match 45590810
Unlisted
Match 45590810
Overview
Messages
Build Orders
End
Construct Infanterie Kompanie
Selects Terror Battlegroup
Selects Machine Gun Camouflage
MG 42 Machine Gun Team
MG 42 Machine Gun Team
Grenadier Squad
Grenadier Squad
Construct Panzergrenadier Kompanie
Panzergrenadier Squad
FrodoBagginYa
desertBeliever
大馋猫-player
Cen
0
0
Comments
sign in to comment!
No comments posted yet!